Unix NetHack Version 5.0.0-0 post-release - last build Jun 10 2026 00:39:30 (3ee93aec679c4c4259841fe613dc97188e26a321,branch:main).

Game began 2026-06-13 15:17:22, ended 2026-06-14 04:13:19.

Kwijibo4686, neutral female human Valkyrie

                   ----   --------               ---
     ------       --..|  --.|.--.--             --.|
    --....----   --...-- |........--            |..|
 ----........|   |.....----........|            --.|          -----
 |...........-   |......----...%..--            -#.---       --.|.--   ---
 --...........   --......| |.-..%.--            #....-----   |.....-----.---
  ---..........----......| --......----         |.|......-- --.............|
    ---..................| --......`..|         |.| .---..| |..............----
      ----....)..).......---..........--        |.| ...--.---.................|
    -----....---..---...........)...>..|      ---.| |.............^...........|
  ---.....---- ------..............^...|     |....|^|..(.....................--
  |...-----        |..............--e---  # --.-..|..[....---.........|......|
  |.---            |.|...........-|---  -#---.....[.|.....| --)..|.|.---.--.--
  |..----          ----.......--..--#  #-.........------..------.----- ------
  |.....|             |......----..#   |.....--...|    |....-- |..----
  ---...--            |......----#.-##--.e.B.....      |.....| --....|
    ---..|            --......--.........|@......      ---..--  --...----
      ----             |.........|......---.<...|        ----    |......--
                       --..----------...||....---                |.......|
                        ----        |`.----.---                  ---.--.--
                                    ----  ---                      ------
Kwijibo4686 the Woman-at-arms  St:18 Dx:15 Co:18 In:11 Wi:10 Ch:10  Neutral
Dlvl:3  $:2412 HP:0(91) Pw:22(22) AC:-8 Xp:10 T:16156  Blind

Latest messages:
 The raven just misses!
 The raven misses!
 It hits!
 The raven bites!
 The raven misses!
 The raven misses!
 It hits!
 The raven bites!
 The raven misses!
 It just misses!
 The raven bites!
 It hits!
 The raven bites!
 The raven misses!
 It hits!
 The raven bites!
 It misses!
 The raven misses!
 The raven misses!
 The raven bites!
 It hits!
 It misses!
 It hits!
 It hits!
 The raven bites!
 The raven misses!
 The raven misses!
 It misses!
 It misses!
 The raven misses!
 The raven misses!
 It hits!
 The raven bites!
 The raven just misses!
 It hits!
 The raven bites!
 It hits!
 The raven bites!
 The raven misses!
 The raven bites!
 The raven misses!
 The raven bites!
 It hits!
 The raven bites!
 You die...
 Do you want your possessions identified? [ynq] (y) y
 Do you want to see your attributes? [ynq] (y) y
 Do you want an account of creatures vanquished? [ynaq] (y) y
 Do you want to see your conduct and achievements? [ynq] (y) y
 Do you want to see the dungeon overview? [ynq] (y) y

Inventory:
 Coins    ('$')
  $ - 2412 gold pieces
 Weapons  (')')
  a - a blessed +1 spear (weapon in right hand)
 Armor    ('[')
  x - an uncursed +0 dwarvish iron helm (being worn)
  D - an uncursed +0 pair of leather gloves (being worn)
  W - an uncursed +0 pair of iron shoes (being worn)
  c - an uncursed burnt +3 small shield (being worn)
  B - an uncursed burnt +0 cloak of displacement (being worn)
  p - an uncursed +0 dwarvish mithril-coat (being worn)
 Comestibles  ('%')
  d - 5 uncursed food rations
  Y - an uncursed partly eaten lizard corpse
 Scrolls  ('?')
  h - an uncursed scroll of light
 Tools    ('(')
  J - an uncursed magic lamp
  w - an uncursed skeleton key
  P - a +0 unicorn horn

Kwijibo4686 the Valkyrie's attributes:

Background:
 You were a Woman-at-arms, a level 10 human Valkyrie.
 You were neutral, on a mission for Odin
 who was opposed by Tyr (lawful) and Loki (chaotic).
 You were right-handed.
 You were in the Gnomish Mines, on level 3.
 You entered the dungeon 16156 turns ago.
 It was nighttime.
 There was a new moon in effect when your adventure ended.
 You had 5360 experience points, 4640 more were needed to attain level 11.

Basics:
 You had 0 out of 91 hit points.
 You had all 22 energy points (spell power).
 Your armor class was -8.
 Your wallet contained 2412 zorkmids.
 Autopickup was on for '$?!/="' plus thrown.

Final Characteristics:
 Your strength was 18 (peak:18/01, limit:18/100).
 Your dexterity was 15 (limit:18).
 Your constitution was 18 (limit:18).
 Your intelligence was 11 (limit:18).
 Your wisdom was 10 (limit:18).
 Your charisma was 10 (limit:18).

Final Status:
 You were temporarily blind.
 You weren't hungry.
 You were unencumbered.
 You were wielding a spear.
 You had expert skill with spear.

Final Attributes:
 You were piously aligned.
 You were cold resistant.
 You were poison resistant.
 You were telepathic.
 You were displaced.
 You were stealthy.
 You had a small defense bonus (+4).
 You were guarded.
 You are dead.

Miscellaneous:
 You encountered 1 bones level.
 Total elapsed playing time was 2 hours, 27 minutes and 58 seconds.

Major events:
 Turn
    1: Kwijibo4686 the neutral human Valkyrie entered the dungeon
  694: entered the Gnomish Mines
  736: attained the rank of Skirmisher (level 3)
 1613: attained the rank of Fighter (level 6)
 2698: reached Mine Town
 5440: entered Sokoban
 5754: completed 1st Sokoban level
 6017: completed 2nd Sokoban level
 6252: completed 3rd Sokoban level
 6937: completed 4th Sokoban level
10515: attained the rank of Woman-at-arms (level 10)
16156: killed by a raven, while frozen by a floating eye's gaze

You didn't know any spells.

Skills:
 Fighting Skills
   bare handed combat [Unskilled]
   two weapon combat  [Unskilled]
   riding             [Unskilled]
 Weapon Skills
   dagger             [Basic]
   axe                [Unskilled]
   pick-axe           [Unskilled]
   short sword        [Unskilled]
   broadsword         [Unskilled]
   long sword         [Unskilled]
   two-handed sword   [Unskilled]
   saber              [Unskilled]
   hammer             [Unskilled]
   quarterstaff       [Unskilled]
   polearms           [Unskilled]
   spear              [Expert]
   trident            [Unskilled]
   lance              [Unskilled]
   sling              [Unskilled]
 Spellcasting Skills
   attack spells      [Unskilled]
   escape spells      [Unskilled]

Voluntary challenges:
 Character rerolling was not enabled.
 You never genocided any monsters.
 You never polymorphed an object.
 You never changed form.
 You used no wishes.
 You violated the special Sokoban rules once.
Achievements:
 You entered the Gnomish Mines.
 You attained the rank of Skirmisher.
 You entered a shop.
 You attained the rank of Fighter.
 You entered Minetown.
 You entered a temple.
 You entered Sokoban.
 You attained the rank of Woman-at-arms.

 The Dungeons of Doom: levels 1 to 10
    Level 1:
    Level 2:
       Some fountains.
       Stairs down to The Gnomish Mines.
    Level 3:
       A weapon shop, a fountain.
    Level 4:
       A fountain.
    Level 5:
       A fountain, a sink.
       Final resting place for
          freehelp-Wiz-Hum-Mal-Neu, killed by a rothe, while frozen by a floating eye's gaze.
    Level 6:
       Some fountains.
    Level 7:
       A scroll shop, a sink.
    Level 8:
       Many fountains.
       Oracle of Delphi.
    Level 9:
       Stairs up to Sokoban, level 8.
    Level 10:
 The Gnomish Mines: levels 3 to 10
    Level 3: <- You were here.
       Final resting place for
          you, killed by a raven, while frozen by a floating eye's gaze.
    Level 4:
    Level 5:
    Level 6:
       Many shops, a temple and an altar, some fountains, a tree.
    Level 7:
    Level 8:
    Level 9: "dragon downstair"
    Level 10:
 Sokoban: levels 8 up to 5
    Level 5:
       Solved.
    Level 6:
       Solved.
    Level 7: "black dragon upstair"
       Solved.
    Level 8:
       Solved.


Vanquished creatures:
  a ghost
  3 giant mimics
  2 stalkers
  a giant mummy
  2 sergeants
  6 wargs
  2 winter wolves
  5 small mimics
  a glass piercer
  a warhorse
  a quantum mechanic
  a wood golem
  a flaming sphere
  a shocking sphere
  a dwarf ruler
  2 tengu
  6 leocrottas
 an elf mummy
  a red naga
  a python
  a pit viper
  2 wraiths
 an ettin zombie
  a leather golem
  a Grey-elf
  a soldier
  a chameleon
  a crocodile
  4 giant beetles
  a quivering blob
  3 cockatrices
 13 wolves
  a lynx
  4 leprechauns
 an orc-captain
  2 iron piercers
  2 giant spiders
  a scorpion
 an ice vortex
  a vampire bat
  2 orc mummies
 an ogre
  3 brown puddings
 an owlbear
  a yeti
  2 werewolves
  a Green-elf
  3 lizards
  a jaguar
  3 dwarf leaders
  a blue jelly
  a black unicorn
  4 dust vortices
  a gnome mummy
  2 snakes
  2 apes
  3 human zombies
  2 Woodland-elves
  a bugbear
 an imp
  a quasit
  a water nymph
  3 mountain nymphs
  2 Mordor orcs
  2 orc shamans
  2 rock piercers
  2 ponies
  a fog cloud
  2 yellow lights
  2 violet fungi
 15 gnome leaders
  6 gnomish wizards
  a kobold mummy
  a black naga hatchling
  2 gray oozes
 an elf zombie
  a ghoul
  4 straw golems
  a paper golem
  9 giant ants
  a little dog
  3 floating eyes
  a kitten
 24 dwarves
  a homunculus
  a kobold shaman
 11 hill orcs
 13 rothes
  a rabid rat
  a centipede
  4 giant bats
  8 orc zombies
  a wererat
  3 iguanas
  3 killer bees
 an acid blob
  5 gas spores
  2 hobbits
 12 manes
  4 hobgoblins
  3 giant rats
  3 cave spiders
  a yellow mold
  3 green molds
 64 gnomes
  6 garter snakes
  a gnome zombie
 12 geckos
 23 jackals
  2 foxes
  3 kobolds
  9 goblins
  a sewer rat
  3 grid bugs
  2 bats
  8 lichens
  3 kobold zombies
  8 newts
433 creatures vanquished.

No species were genocided or became extinct.

Game over:
                       ----------
                      /          \
                     /    REST    \
                    /      IN      \
                   /     PEACE      \
                  /                  \
                  |   Kwijibo4686    |
                  |     2412 Au      |
                  |   killed by a    |
                  |      raven       |
                  |                  |
                  |                  |
                  |       2026       |
                 *|     *  *  *      | *
        _________)/\\_//(\/(/\)/\//\/|_)_______

Farvel Kwijibo4686 the Valkyrie...

You died in The Gnomish Mines on dungeon level 3 with 36499 points,
and 2412 pieces of gold, after 16156 moves.
You were level 10 with a maximum of 91 hit points when you died.

